Map: Newkirk Precinct TE (Void)

Players

Musumeci - Winner!

  • Race: Zerg Zerg
  • League: Diamond
  • Spawn Location: 7:00

A.I. 1 (Very Easy)

  • Race: Zerg Zerg
  • Spawn Location: 5:00

VOD

Have the link to the VOD?

Description

Time

  • Played on: March 11, 2017, 10:53 a.m.
  • Length: 5:27
Show
View Real Time Build Order
Export as new Build Order

Musumeci Zerg - Winner!

Build Orders: Pool Only 

Get SALT Encoding   

  12  0:01  Drone  
  13  0:22  Spawning Pool  
  13  0:28  Drone, Extractor  
  12  0:33  Drone  
  13  0:42  Overlord  
  13  1:08  Zergling x4  
  13  1:09  Zergling x2  
  16  1:15  Queen  
  18  1:20  Zergling x2  
  19  1:28  Metabolic Boost  
  19  1:33  Zergling x2  
  20  1:42  Zergling x2  
  21  1:53  Overlord  
  21  2:08  Zergling x2  
  19  2:26  Zergling x8  
  20  2:46  Zergling x4  
  20  3:21  Zergling x6  
  19  3:37  Zergling x6  
  21  3:42  Zergling x2  
  22  3:52  Zergling x2  
  23  4:03  Zergling x2  
  23  4:04  Zergling x2  
  25  4:15  Zergling x6  
  21  4:40  Zergling x8  
  24  4:57  Zergling x2  
Show
View Real Time Build Order
Export as new Build Order

A.I. 1 (Very Easy) Zerg 

Build Orders: Pool Only 

Get SALT Encoding   

  12  0:00  Drone  
  13  0:13  Overlord  
  13  0:18  Drone  
  14  0:36  Spawning Pool  
  14  0:38  Extractor  
  14  0:40  Drone  
  13  0:47  Drone  
  14  0:52  Overlord  
  14  1:23  Queen  
  14  1:24  Zergling x2  
  17  1:31  Roach Warren  
  16  1:33  Extractor  
  16  1:38  Drone  
  16  1:42  Zergling x2  
  16  1:45  Drone  
  18  1:59  Drone  
  18  2:00  Zergling x2  
  18  2:17  Zergling x2  
  19  2:29  Drone  
  20  2:36  Drone, Zergling x2  
  21  2:43  Drone  
  20  2:48  Queen  
  22  2:53  Drone  
  22  2:54  Zergling x2  
  24  3:04  Overlord  
  24  3:10  Drone  
  22  3:20  Zergling x2  
  15  3:38  Zergling x2  
  15  3:42  Drone  
  16  3:53  Drone  
  17  3:57  Zergling x2  
  17  4:00  Drone  
  19  4:08  Drone  
  20  4:15  Drone  
  19  4:18  Zergling x2  
  15  4:31  Drone  
  11  4:38  Drone  
  12  4:45  Drone  
  12  4:53  Drone  
  11  5:00  Drone  
  5  5:09  Drone  
Tags
 
Add a new tag
Caveats
  • Supply blocks, unpowered buildings, or Contaminate may cause inaccurate times.
  • Supply counts are checked every 10 seconds.